 Dungeon Sprint DCSS version 0.22-a0-354-g30dfbe6 (webtiles) character file.

135 Kikal the Ruffian (level 5, -5/55 HPs)
             Began as an Ogre Transmuter on Apr 16, 2018.
             Killed from afar by a smoke demon (24 damage)
             ... with a ball of steam
             ... summoned by a deep elf mage
             ... in the Dungeon (Sprint III: "The Ten Rune Challenge").
             The game lasted 00:04:21 (644 turns).

Kikal the Ruffian (Ogre Transmuter)                  Turns: 644, Time: 00:04:22

Health: -5/55      AC:  2    Str: 14    XL:     5   Next: 18%
Magic:  4/10       EV: 18    Int: 15    God:
Gold:   36         SH:  0    Dex: 14    Spells: 1/11 levels left

rFire    . . .     SeeInvis .     - Unarmed
rCold    . . .     Gourm    .   (shield currently unavailable)
rNeg     . . .     Faith    .   (armour currently unavailable)
rPois    x         Spirit   .   (helmet currently unavailable)
rElec    .         Reflect  .   (cloak currently unavailable)
rCorr    .         Harm     .   (gloves unavailable)
MR       .....     NoTele   +   (boots unavailable)
Stlth    +.........             (no amulet)
HPRegen  0.18/turn              (no ring)
MPRegen  0.12/turn              (no ring)

@: spider-form, very slightly contaminated, drained
A: tiny, unfitting armour
a: End Transformation


You were in the Dungeon.
You were not hungry.
You were a venomous arachnid creature.
You visited 1 branch You collected 36 gold pieces.

Inventory:

Missiles
 a - 12 arrows
Armour
 b - a +0 robe (melded)
 c - a +1 cloak (melded)
Scrolls
 j - a scroll of blinking
 k - a scroll of immolation {unknown}
 l - 4 scrolls of identify
 n - a scroll of torment {unknown}
 o - 2 scrolls of remove curse
Potions
 e - a potion of curing
 f - a potion of heal wounds
 g - 2 potions of haste
 h - 2 potions of magic
 i - a potion of berserk rage
 m - 2 potions of flight
 p - 6 potions of mutation
Comestibles
 d - 3 rations


   Skills:
 + Level 4.7(4.2) Fighting
 - Level 1.7(1.2) Dodging
 + Level 5.6(5.1) Unarmed Combat
 - Level 3.5(3.0) Spellcasting
 * Level 5.2(4.7) Transmutations
 * Level 2.6(2.1) Ice Magic
 - Level 2.3(1.8) Poison Magic


You had one spell level left.
You knew the following spells:

 Your Spells              Type           Power        Failure   Level  Hunger
a - Beastly Appendage     Tmut           ###...       10%         1    #......
b - Sticks to Snakes      Tmut           ###.....     13%         2    ##.....
c - Spider Form           Tmut/Pois      ##........   34%         3    ###....
d - Ice Form              Ice/Tmut       ##......     65%         4    #####..


Dungeon Overview and Level Annotations

Branches:
Dungeon (1/1)

Altars:
Elyvilon
Zin
The Shining One


Innate Abilities, Weirdness & Mutations

You are too large for most types of armour.
((You have tough skin. (AC +1)))


Message History

You turn into a venomous arachnid creature.
Your +1 cloak melds into your body.
Your +0 robe melds into your body.
You now have 4/10 mp.
The deep elf mage casts a spell.
There is an open door here.
You bite the deep elf mage!
The deep elf mage is poisoned.
The deep elf mage hits you with a long sword of holy wrath!
You take 9 damage, and have 32/55 hp.
You barely miss the deep elf mage. You hit the deep elf mage.
The deep elf mage looks as sick as possible!
The smoke demon gestures at you. Something smites you!
The deep elf mage drinks a potion.
The deep elf mage is healed!
The deep elf mage looks more healthy.
You take 13 damage, and have 19/55 hp.
MASSIVE DAMAGE!!
You bite the deep elf mage!
The deep elf mage looks as sick as possible!
The smoke demon gestures at you. The ball of steam hits you!
You die...

▓▓▓▓▓▓▓▓ ▓▓▓ .'.....♣
♣.##### .#....♣♣♣
♣♣.#___# ##....♣.♣
♣..#.3e#
.#....≈)♣♣♣..###s#+###+#
.#...≈≈♣.♣♣♣.#..........
[#..≈≈≈≈.♣.♣.'.⌠........
'#..≈≈≈≈≈≈♣♣.#...######+
.#.≈≈≈≈≈≈....#.⌠.#
.#.≈≈≈≈≈.....#...#
.#.≈≈≈.......#+###
##...........#
.............#


You could see a deep elf mage and a smoke demon.

Vanquished Creatures
  A water elemental (D)
  Crazy Yiuf (D)
  Jessica (D)
  A human (D)
  An ooze (D)
  2 rats (D)
7 creatures vanquished.

Vanquished Creatures (others)
  2 draconian scorchers (D)
  6 hellions (D)
  A yaktaur (D)
9 creatures vanquished.

Grand Total: 16 creatures vanquished

Notes
Turn   | Place    | Note
-------+----------+-------------------------------------------
     0 | D        | Kikal the Ogre Transmuter began the quest for the Orb.
     0 | D        | Reached XP level 1. HP: 19/19 MP: 3/3
    69 | D        | Noticed Jessica
    74 | D        | Killed Jessica
    74 | D        | Reached XP level 2. HP: 33/33 MP: 3/5
    74 | D        | Reached XP level 3. HP: 40/40 MP: 3/6
    98 | D        | Killed a hellion
    98 | D        | Killed a hellion
    99 | D        | Learned a level 2 spell: Sticks to Snakes
   103 | D        | Learned a level 3 spell: Spider Form
   108 | D        | Killed a hellion
   109 | D        | Killed a hellion
   135 | D        | Reached skill level 1 in Poison Magic
   160 | D        | Killed a white draconian scorcher
   200 | D        | Killed a white draconian scorcher
   245 | D        | Killed a yaktaur
   260 | D        | Noticed Crazy Yiuf
   263 | D        | Killed a hellion
   269 | D        | Killed Crazy Yiuf
   269 | D        | Reached XP level 4. HP: 28/49 MP: 4/9
   284 | D        | Killed a hellion
   375 | D        | Learned a level 4 spell: Ice Form
   414 | D        | Noticed a water elemental
   423 | D        | Killed a water elemental
   423 | D        | Reached skill level 5 in Unarmed Combat
   423 | D        | Reached skill level 5 in Transmutations
   423 | D        | Reached XP level 5. HP: 18/55 MP: 6/10
   635 | D        | Found a glowing silver altar of Zin.
   635 | D        | Found a glowing golden altar of the Shining One.
   635 | D        | Found a white marble altar of Elyvilon.
   636 | D        | Noticed a deep elf mage
   641 | D        | Noticed a smoke demon
   644 | D        | Killed from afar by a smoke demon

Vault maps used:
D:        dungeon_sprint_mu

Skill      XL: |  1  2  3  4 |
---------------+-------------+-----
Fighting       | 4 |  4.7
Unarmed Combat | 4 5 |  5.6
Transmutations | 3 4 5 |  5.2
Poison Magic   | 2 |  2.3
Spellcasting   | 3 |  3.5
Ice Magic      | 2 |  2.6
Dodging        | |  1.7

Action                   |  1- 3 |  4- 6 || total
-------------------------+-------+-------++-------
Melee: Unarmed           |    23 |    11 ||    34
       Kick              |     2 |       ||     2
       Headbutt          |     1 |       ||     1
 Cast: Beastly Appendage |     2 |       ||     2
       Spider Form       |     2 |     2 ||     4
Armor: Robe              |     2 |       ||     2
Dodge: Dodged            |    13 |     7 ||    20

Table legend:
 A = Spawn XP
 B = Non-spawn XP
 C = Spawn XP percentage of total XP
 D = Spawn monster count
 E = Non-spawn monster count
 F = Spawn count percentage of total count
 G = Total turns spent on level
                    A         B        C        D         E        F      G
               +---------+---------+-------+---------+---------+-------+---------
         Total |       0 |     193 |   0.0 |       0 |       7 |   0.0 |   644
               +---------+---------+-------+---------+---------+-------+---------
             D |       0 |     193 |   0.0 |       0 |       7 |   0.0 |   644
               +---------+---------+-------+---------+---------+-------+---------
